Get step-by-step instructions on how to execute this build order below. Start the game timer, and the build order will tick by so you can play in parallel with StarCraft on a second screen or mobile device.

Game Time

  0:00

Last Step

  N/A

Next Step

Upcoming Step



Don't want to look back and forth between 2 screens? Try out our Overwolf App, the Spawning Tool Build Advisor to get an in-game overlay with this build!

Complete Build Order

  12  0:01  Probe  
  13  0:13  Probe  
  14  0:19  Pylon  
  14  0:25  Probe  
  15  0:37  Probe (Chrono Boost)  
  15  0:39  Gateway  
  16  0:47  Assimilator  
  16  0:48  Probe (Chrono Boost)  
  17  0:53  Probe (Chrono Boost)  
  18  1:03  Probe (Chrono Boost)  
  19  1:13  Probe (Chrono Boost)  
  20  1:25  Nexus  
  20  1:33  Cybernetics Core  
  20  1:37  Probe  
  21  1:43  Assimilator  
  21  1:49  Probe  
  21  1:53  Pylon  
  23  2:01  Probe  
  23  2:08  Adept (Chrono Boost)  
  23  2:13  Probe  
  26  2:18  Stargate  
  26  2:25  Probe  
  26  2:27  Warp Gate  
  27  2:31  Adept  
  29  2:38  Probe (Chrono Boost)  
  29  2:43  Probe (Chrono Boost)  
  31  2:47  Probe (Chrono Boost)  
  31  2:51  Probe (Chrono Boost)  
  33  2:52  Probe (Chrono Boost)  
  34  3:01  Probe  
  34  3:04  Probe  
  34  3:05  Oracle (Chrono Boost)  
  39  3:14  Probe  
  39  3:18  Probe  
  41  3:21  Stalker  
  41  3:22  Gateway  
  41  3:26  Probe  
  42  3:30  Probe  
  43  3:35  Oracle (Chrono Boost), Pylon  
  46  3:48  Nexus  
  46  3:53  Probe x2  
  48  4:02  Pylon  
  48  4:05  Probe  
  48  4:06  Assimilator x2  
  48  4:08  Probe  
  50  4:15  Adept  
  52  4:17  Probe  
  52  4:20  Probe  
  52  4:23  Stargate  
  54  4:27  Phoenix (Chrono Boost)  
  54  4:29  Probe  
  57  4:32  Probe  
  57  4:35  Pylon  
  57  4:38  Shield Battery  
  58  4:39  Adept  
  58  4:41  Probe  
  61  4:45  Probe  
  61  4:50  Pylon  
  62  4:53  Phoenix (Chrono Boost)  
  62  4:54  Probe  
  65  5:01  Probe x2  
  65  5:06  Probe  
  68  5:11  Phoenix (Chrono Boost)  
  68  5:13  Probe x2  
  74  5:17  Adept x2  
  74  5:18  Probe  
  74  5:19  Phoenix (Chrono Boost)  
  79  5:25  Probe  
  80  5:29  Phoenix (Chrono Boost)  
  80  5:32  Probe  
  80  5:34  Probe  
  86  5:36  Pylon  
  86  5:40  Phoenix (Chrono Boost), Stalker x2  
  86  5:42  Probe  
  91  5:45  Probe  
  92  5:51  Probe  
  92  5:52  Pylon  
  92  5:54  Probe, Phoenix (Chrono Boost)  
  96  5:57  Probe  
  96  6:04  Phoenix (Chrono Boost), Probe  
  100  6:06  Assimilator x2, Probe  
  100  6:10  Probe  
  102  6:14  Pylon  
  102  6:16  Robotics Facility, Probe  
  102  6:18  Robotics Facility  
  105  6:21  Probe  
  105  6:24  Phoenix (Chrono Boost)  
  106  6:28  Phoenix (Chrono Boost)  
  108  6:33  Probe  
  109  6:42  Nexus  
  109  6:43  Forge, Pylon  
  108  6:49  Probe  
  109  6:54  Pylon  
  109  7:02  Twilight Council  
  109  7:05  Adept x2  
  109  7:08  Immortal x2 (Chrono Boost)  
  113  7:11  Phoenix x2  
  113  7:13  Probe x2  
  113  7:14  Probe  
  122  7:21  Protoss Ground Weapons Level 1 (Chrono Boost)  
  114  7:24  Photon Cannon  
  114  7:29  Probe x2  
  112  7:30  Sentry x2  
  112  7:34  Probe  
  117  7:37  Immortal (Chrono Boost)  
  117  7:41  Nexus  
  117  7:42  Pylon  
  121  7:47  Templar Archives  
  121  7:55  Immortal  
  125  7:59  Pylon  
  125  8:04  Zealot x2  
  129  8:05  Photon Cannon  
  129  8:06  Shield Battery  
  129  8:11  Immortal  
  133  8:15  Psionic Storm  
  133  8:17  Photon Cannon, Shield Battery, Probe x2  
  133  8:19  Pylon  
  135  8:20  Photon Cannon  
  135  8:24  Zealot  
  137  8:28  High Templar  
  137  8:30  Probe x2  
  141  8:40  Gateway  
  141  8:41  Gateway  
  141  8:46  Immortal (Chrono Boost), Pylon  
  145  8:59  Immortal (Chrono Boost)  
  147  9:03  High Templar x2  
  147  9:04  Probe x2  
  147  9:05  Probe  
  147  9:06  Assimilator, Probe  
  147  9:08  Assimilator  
  155  9:12  Photon Cannon  
  155  9:14  Photon Cannon  
  155  9:16  Shield Battery, Probe  
  156  9:18  Probe  
  156  9:22  Charge  
  156  9:23  Gateway  
  156  9:24  Protoss Ground Weapons Level 2 (Chrono Boost)  
  157  9:26  Gateway  
  157  9:33  Immortal  
  157  9:36  Immortal  
  165  9:39  High Templar x2  
  165  9:41  Probe  
  165  9:43  Pylon  
  165  9:45  Archon  
  170  9:50  Forge  
  170  9:52  High Templar  
  172  9:57  Pylon  
  172  9:58  Pylon  
  172  10:00  Pylon  
  172  10:12  High Templar x2  
  172  10:13  Observer (Chrono Boost)  
  169  10:16  Observer (Chrono Boost)  
  169  10:17  Archon  
  169  10:18  High Templar x2  
  174  10:28  Gateway  
  172  10:29  Gateway  
  172  10:30  High Templar x2, Gateway  
  172  10:31  Gateway  
  172  10:32  Warp Prism x2  
  180  10:38  Pylon  
  180  10:40  Archon  
  180  10:41  Protoss Shields Level 1 (Chrono Boost)  
  176  10:51  Zealot x3  
  176  10:52  Zealot  
  184  11:07  Zealot x2  
  188  11:12  Zealot x4  
  178  11:37  Zealot x2  
  178  11:38  Zealot x8  
  160  12:03  Zealot x10  
  178  12:09  Nexus  
  178  12:11  Pylon  
  178  12:14  Protoss Ground Weapons Level 3 (Chrono Boost)  
  178  12:15  Immortal x2 (Chrono Boost)  
  180  12:24  High Templar x10  
  180  12:29  Archon x4  
  200  12:30  Archon  
  200  12:33  Photon Cannon  
  200  12:35  Photon Cannon  
  200  12:37  Photon Cannon  
  200  12:38  Photon Cannon  
  200  12:40  Photon Cannon  
  200  12:43  Shield Battery  
  200  12:45  Shield Battery  
  200  12:47  Pylon, Probe  
  199  12:51  Protoss Shields Level 2 (Chrono Boost)  
  199  12:54  Stargate  
  199  12:57  Protoss Air Weapons Level 1 (Chrono Boost)  
  199  13:03  Stargate  
  199  13:05  Fleet Beacon  
  181  13:15  Zealot x9  
  189  13:30  Observer x2  
  173  13:35  Immortal x2 (Chrono Boost)  
  173  13:37  Zealot x4  
  173  13:38  Zealot x3  
  173  13:41  High Templar x3, Probe x2  
  193  14:05  High Templar  
  193  14:06  High Templar  
  173  14:11  Assimilator x2, Immortal x2 (Chrono Boost)  
  173  14:12  Zealot x5  
  173  14:13  Zealot x3  
  195  14:33  Zealot x2  
  199  14:42  Zealot x5  
  193  14:46  Zealot  
  193  14:47  Zealot x2  
  191  14:58  Protoss Air Weapons Level 2 (Chrono Boost)  
  181  15:09  High Templar x2  
  185  15:14  Archon  
  185  15:15  Zealot x6  
  185  15:16  Zealot x2  
  195  15:22  Observer x2  
  191  15:38  Carrier x2 (Chrono Boost)  
  199  15:48  Carrier (Chrono Boost)  
  197  16:12  Carrier (Chrono Boost), Protoss Shields Level 3 (Chrono Boost), Protoss Ground Armor Level 1 (Chrono Boost)  
  191  16:34  Carrier (Chrono Boost)  
  195  16:49  Nexus  
  195  16:52  Pylon  
  195  17:05  Cybernetics Core  
  174  17:36  Zealot x8  
  186  17:38  Carrier x3 (Chrono Boost)  
  191  18:19  High Templar, Photon Cannon  
  193  18:21  High Templar x2  
  193  18:23  Photon Cannon  
  193  18:25  Photon Cannon  
  193  18:26  Photon Cannon  
  181  18:28  Photon Cannon  
  181  18:30  Shield Battery  
  181  18:32  Shield Battery  
  181  18:33  Pylon  
  187  18:38  Assimilator  
  187  18:39  Carrier x2 (Chrono Boost)  
  187  18:40  Carrier (Chrono Boost), Assimilator  
  191  18:44  Observer x2 (Chrono Boost)  
  187  18:48  High Templar x6  
  187  18:55  Archon  
  195  18:56  Photon Cannon  
  195  18:58  Photon Cannon  
  195  19:03  Pylon  
  195  19:07  Zealot x2  
  193  19:31  Zealot x3